[Event "DVM U14 2019"]
[Site "Magedburg"]
[Date "2019.12.29"]
[Round "5"]
[White "Sabirov, Rafael"]
[Black "Stockmann, Till"]
[Result "0-1"]
[ECO "B43"]
[WhiteElo "1668"]
[BlackElo "1894"]
[Annotator "NA"]
[PlyCount "96"]
[EventDate "2019.12.27"]
[EventType "team-tourn"]
[EventRounds "7"]
[EventCountry "GER"]
[SourceTitle "playchess.com"]
[Source "ChessBase"]
[SourceQuality "1"]
[WhiteTeam "SG Porz"]
[BlackTeam "Schachzwerge Magdeburg"]
[WhiteTeamCountry "GER"]
[BlackTeamCountry "GER"]
[TimeControl "40/5400+30:1800+30"]

1. e4 c5 2. Nf3 e6 3. d4 cxd4 4. Nxd4 a6 5. Nc3 Qc7 6. Bd3 {[%emt 0:00:08] unterminated} Nf6 7. f4 d6 {[%emt 0:00:51] unterminated} 8. Nf3 {[%emt 0:10:47] unterminated} Nbd7 9. Qe2 {[%emt 0:02:58] unterminated} b5 $11 10. a3 Bb7 11. O-O Be7 12. Bd2 O-O 13. Kh1 Nc5 14. Rac1 Rfd8 15. b4 Ncd7 16. Nd1 d5 17. exd5 Nxd5 18. f5 exf5 19. c4 bxc4 20. Bxc4 Qd6 21. Ne3 Nxe3 22. Bxe3 Bf6 23. Ng5 Bxg5 24. Bxg5 Re8 25. Qa2 Qg6 26. Bf4 Rac8 27. Bb3 Nf6 28. Rxc8 Rxc8 29. Rd1 Bc6 30. Be6 Re8 31. Bc4 Ne4 32. Rf1 Bb7 33. Qc2 Rc8 34. Qe2 Nc3 35. Qd2 Bxg2+ 36. Qxg2 Qxg2+ 37. Kxg2 Rxc4 38. Bg3 Nd5 39. Re1 f6 40. Bd6 Rc2+ 41. Kf3 Ra2 42. b5 axb5 43. Rb1 Nc3 44. Rb3 Ne4 45. Bb4 Rxh2 46. Kf4 Rh4+ 47. Kxf5 {[%emt 0:00:00] normal} Kf7 48. Re3 g6# {normal} 0-1

[Event "DVM U14 2019"]
[Site "Magedburg"]
[Date "2019.12.29"]
[Round "5"]
[White "Laudwein, Jakob"]
[Black "Heutling, Elina"]
[Result "0-1"]
[ECO "D71"]
[WhiteElo "1612"]
[BlackElo "1796"]
[Annotator "NA"]
[PlyCount "74"]
[EventDate "2019.12.27"]
[EventType "team-tourn"]
[EventRounds "7"]
[EventCountry "GER"]
[SourceTitle "playchess.com"]
[Source "ChessBase"]
[SourceQuality "1"]
[WhiteTeam "SG Porz"]
[BlackTeam "Schachzwerge Magdeburg"]
[BlackTeamCountry "GER"]
[TimeControl "40/5400+30:1800+30"]

1. d4 Nf6 2. c4 g6 3. g3 Bg7 4. Bg2 O-O 5. Nc3 d6 6. Nf3 c6 7. e4 Qb6 8. O-O Bg4 9. Rb1 a5 10. Be3 Qa6 11. Qd3 Be6 12. Nd2 d5 13. b3 Rd8 14. Na4 b6 15. Qc2 Nbd7 16. c5 b5 17. Nb2 dxe4 18. Nxe4 Bf5 19. f3 Nd5 20. Qd2 Bxe4 21. fxe4 Nxe3 22. Qxe3 Nxc5 23. Qf3 Bxd4+ 24. Kh1 f6 25. Rfd1 Rd6 26. Nd3 Nxd3 27. Rxd3 Rad8 28. Rbd1 c5 29. Bf1 Qc6 30. Qe2 f5 31. Bg2 fxe4 32. Bxe4 Qd7 33. Qc2 Rf8 34. R3d2 Qg4 35. Bg2 Qf5 36. Qxf5 Rxf5 37. h3 Rf2 {[%emt 0:01:23] normal} 0-1

[Event "DVM U14 2019"]
[Site "Magedburg"]
[Date "2019.12.29"]
[Round "5"]
[White "Rohde, Niclas"]
[Black "Abed, Karim"]
[Result "0-1"]
[ECO "B23"]
[WhiteElo "1609"]
[BlackElo "1513"]
[Annotator "NA"]
[PlyCount "132"]
[EventDate "2019.12.27"]
[EventType "team-tourn"]
[EventRounds "7"]
[EventCountry "GER"]
[SourceTitle "playchess.com"]
[Source "ChessBase"]
[SourceQuality "1"]
[WhiteTeam "1. SC Anhalt"]
[BlackTeam "SV Königsjäger Süd-West"]
[WhiteTeamCountry "GER"]
[BlackTeamCountry "GER"]
[TimeControl "40/5400+30:1800+30"]

1. e4 c5 2. Nc3 Nc6 3. f4 d6 4. Bc4 g6 5. Nf3 Bg7 6. O-O Nf6 7. d3 O-O 8. Qe1 Qc7 9. Nh4 Nd4 10. Bb3 b5 11. Ne2 Nxb3 12. axb3 c4 13. bxc4 bxc4 14. Nc3 cxd3 15. cxd3 Qb6+ 16. Kh1 Qd4 17. Qe2 Bg4 18. Nf3 Bxf3 19. Rxf3 a5 20. Ra4 Qb6 21. Be3 Qb7 22. Rf2 Nd7 23. d4 Nb6 24. Ra2 Rfc8 25. Qb5 Qa6 26. Qxa6 Rxa6 27. Rf3 Nc4 28. Bg1 Rb8 29. Na4 Nd2 30. Re3 Bxd4 31. Re2 Bxg1 32. Kxg1 Nb3 33. Rc2 Ra7 34. Nc3 Nc5 35. Re2 Nd3 36. Rd2 Nxf4 37. g3 Ne6 38. Rd5 Nc7 39. Rdxa5 Rxa5 40. Rxa5 Rxb2 41. Ra7 Ne6 42. Rxe7 Rb3 43. Nd5 Rb1+ 44. Kg2 Rb2+ 45. Kg1 Re2 46. Rd7 Kg7 47. Rxd6 Rxe4 48. Rd7 Re2 49. Nc3 Rc2 50. Ne4 Rc7 51. Rxc7 Nxc7 52. Kf2 f5 53. Nc3 g5 54. h3 Kf6 55. Kf3 Ke5 56. Ne2 Nb5 57. Ng1 Nd4+ 58. Ke3 f4+ 59. gxf4+ gxf4+ 60. Kf2 Ke4 61. h4 h6 62. Ne2 Nxe2 63. Kxe2 f3+ 64. Kf2 Kf4 65. h5 Kg4 66. Ke3 Kg3 {[%emt 0:00:00] normal} 0-1

[Event "DVM U14 2019"]
[Site "Magedburg"]
[Date "2019.12.29"]
[Round "5"]
[White "Lautenschläger, Friedrich"]
[Black "Boissel, Kasimir"]
[Result "0-1"]
[ECO "D43"]
[WhiteElo "1519"]
[BlackElo "1638"]
[Annotator "NA"]
[PlyCount "70"]
[EventDate "2019.12.27"]
[EventType "team-tourn"]
[EventRounds "7"]
[EventCountry "GER"]
[SourceTitle "playchess.com"]
[Source "ChessBase"]
[SourceQuality "1"]
[WhiteTeam "1. SC Anhalt"]
[BlackTeam "SV Königsjäger Süd-West"]
[TimeControl "40/5400+30:1800+30"]

1. d4 d5 2. c4 c6 3. Nc3 e6 4. Nf3 Nf6 5. a3 Nbd7 6. Bf4 Nh5 7. Bd2 Bd6 8. c5 Bc7 9. e3 Nhf6 10. Bd3 e5 11. Nxe5 Nxe5 12. dxe5 Bxe5 13. O-O h5 14. Re1 h4 15. f4 Bc7 16. Qf3 Bg4 17. Qf2 Qd7 18. Be2 O-O-O 19. Bxg4 Nxg4 20. Qf3 d4 21. Nd1 dxe3 22. Bxe3 Rhe8 23. h3 Nxe3 24. Nxe3 Qd4 25. b4 Bxf4 26. Rad1 Rxe3 27. Rxd4 Rxe1+ 28. Kf2 Bg3+ 29. Qxg3 hxg3+ 30. Kxe1 Rxd4 31. Ke2 Rf4 32. Ke3 Rf2 33. h4 Rxg2 34. Kf3 Ra2 35. Kxg3 Rxa3+ {[%emt 0:00:04] normal} 0-1

[Event "DVM U14 2019"]
[Site "Magedburg"]
[Date "2019.12.29"]
[Round "5"]
[White "Frank, Marek"]
[Black "von Krosigk, Florian"]
[Result "0-1"]
[ECO "A20"]
[WhiteElo "1430"]
[BlackElo "1984"]
[Annotator "NA"]
[PlyCount "64"]
[EventDate "2019.12.27"]
[EventType "team-tourn"]
[EventRounds "7"]
[EventCountry "GER"]
[SourceTitle "playchess.com"]
[Source "ChessBase"]
[SourceQuality "1"]
[WhiteTeam "ESV Gera"]
[BlackTeam "Hamburger SK"]
[WhiteTeamCountry "GER"]
[BlackTeamCountry "GER"]
[TimeControl "40/5400+30:1800+30"]

1. c4 e5 2. g3 Nc6 3. Bg2 Bc5 4. Nc3 a6 5. e3 d6 6. Nge2 Ba7 7. a3 h5 {[%emt 0:01:25] unterminated} 8. h4 {[%emt 0:02:29] unterminated} Nf6 9. Qc2 {[%emt 0:05:27] unterminated} Be6 {[%emt 0:08:09] unterminated} 10. Nd5 $11 Bxd5 11. cxd5 Ne7 12. Nc3 O-O 13. O-O Nh7 14. d3 f5 15. Qe2 Nf6 16. Kh1 Ng6 17. Bh3 Ng4 18. f3 Nh6 19. f4 Ng4 20. Bxg4 hxg4 21. h5 Ne7 22. fxe5 dxe5 23. e4 Qe8 24. Qh2 fxe4 25. Bg5 exd3 26. h6 Nf5 27. hxg7 Nxg7 28. Ne4 Qd7 29. Qg2 Nh5 30. Bh6 Qh7 31. Rxf8+ Rxf8 32. Bd2 Nxg3# {[%emt 0:00:02] normal} 0-1

[Event "DVM U14 2019"]
[Site "Magedburg"]
[Date "2019.12.29"]
[Round "6"]
[White "Weihrauch, Jakob"]
[Black "Nied, Pascal"]
[Result "1-0"]
[ECO "C01"]
[WhiteElo "2169"]
[BlackElo "1717"]
[Annotator "NA"]
[PlyCount "113"]
[EventDate "2019.12.27"]
[EventType "team-tourn"]
[EventRounds "7"]
[EventCountry "GER"]
[SourceTitle "playchess.com"]
[Source "ChessBase"]
[SourceQuality "1"]
[WhiteTeam "Hamburger SK"]
[BlackTeam "SC Untergrombach"]
[WhiteTeamCountry "GER"]
[TimeControl "40/5400+30:1800+30"]

1. e4 e6 2. d4 d5 3. exd5 exd5 4. Nf3 Nf6 5. Bd3 Bd6 6. Qe2+ Qe7 7. Qxe7+ Bxe7 8. Bf4 c6 9. O-O O-O 10. Re1 Re8 11. Nbd2 Bg4 12. Ne5 Bh5 13. h3 Nbd7 14. g4 Bg6 15. Nxg6 hxg6 16. Nf3 Bf8 17. Ne5 Nxe5 18. dxe5 Nd7 19. Bg3 Bc5 20. c3 g5 21. Bf5 Nf8 22. h4 gxh4 23. Bxh4 Ne6 24. Bg3 g5 25. Kg2 Kg7 26. Rad1 Bb6 27. Rd3 Re7 28. Bxe6 Rxe6 29. Rf3 Rae8 30. Rf5 Bd8 31. f4 gxf4 32. Bxf4 f6 33. exf6+ Bxf6 34. Rf1 Re2+ 35. Kg3 R8e6 36. a4 Rxb2 37. Rxf6 Kxf6 38. Bc1+ Kg6 39. Bxb2 Re2 40. Rf2 Re4 41. Rf4 Re2 42. Ba3 Re3+ 43. Rf3 Re4 44. a5 Ra4 45. Bb4 b6 46. axb6 axb6 47. Be7 Re4 48. Bd8 d4 49. Bxb6 dxc3 50. Rxc3 Re6 51. Bc5 Kf6 52. Kf4 Kg6 53. g5 Re8 54. Rd3 Rc8 55. Rd6+ Kg7 56. Kf5 Kf7 57. g6+ {[%emt 0:00:00] normal} 1-0

[Event "DVM U14 2019"]
[Site "Magedburg"]
[Date "2019.12.29"]
[Round "6"]
[White "Eilenberg, Jonas"]
[Black "Zeuner, Ole"]
[Result "1-0"]
[ECO "A48"]
[WhiteElo "2112"]
[BlackElo "1794"]
[Annotator "NA"]
[PlyCount "42"]
[EventDate "2019.12.27"]
[EventType "team-tourn"]
[EventRounds "7"]
[EventCountry "GER"]
[SourceTitle "playchess.com"]
[Source "ChessBase"]
[SourceQuality "1"]
[WhiteTeam "SV Königsjäger Süd-West"]
[BlackTeam "Schachzwerge Magdeburg"]
[WhiteTeamCountry "GER"]
[BlackTeamCountry "GER"]
[TimeControl "40/5400+30:1800+30"]

1. d4 Nf6 2. Nf3 g6 3. Nbd2 d5 4. b4 Bg7 5. Bb2 O-O 6. e3 Bf5 7. Rc1 Ne4 8. Nxe4 dxe4 9. Nd2 h5 10. Be2 Qd6 11. a3 c6 12. c4 Nd7 13. h3 Nf6 14. g4 hxg4 15. hxg4 Be6 16. g5 Nd7 17. Nxe4 Qc7 18. Bg4 Bxg4 19. Qxg4 a5 20. Qh3 Rfd8 {[%emt 0:01:15] normal} 21. d5 {[%emt 0:01:26] normal} Ne5 {[%emt 0:00:39] normal} 1-0

[Event "DVM U14 2019"]
[Site "Magedburg"]
[Date "2019.12.29"]
[Round "6"]
[White "Gallasch, Jonas"]
[Black "Schubert, Nikita"]
[Result "0-1"]
[ECO "D38"]
[WhiteElo "2107"]
[BlackElo "1914"]
[Annotator "NA"]
[PlyCount "100"]
[EventDate "2019.12.27"]
[EventType "team-tourn"]
[EventRounds "7"]
[EventCountry "GER"]
[SourceTitle "playchess.com"]
[Source "ChessBase"]
[SourceQuality "1"]
[WhiteTeam "SG Porz"]
[BlackTeam "ESV Gera"]
[WhiteTeamCountry "GER"]
[BlackTeamCountry "GER"]
[TimeControl "40/5400+30:1800+30"]

1. Nf3 Nf6 2. c4 e6 3. d4 d5 4. Nc3 Bb4 5. cxd5 exd5 6. Bg5 Qd6 7. Bxf6 Qxf6 8. e3 O-O 9. Qc2 Bf5 10. Qb3 Qd6 11. a3 Bxc3+ 12. Qxc3 Nd7 13. Be2 Nf6 14. O-O Ne4 15. Qb4 Qxb4 16. axb4 a6 17. b5 axb5 18. Bxb5 Nd6 19. Be2 Bg4 20. Bd3 Bf5 21. Be2 Bg4 22. h3 Bh5 23. g4 Bg6 24. Rfc1 c6 25. Ne5 f6 26. Nd7 Rfd8 27. Nb6 Rxa1 28. Rxa1 Bf7 29. Bd3 Be6 30. Kg2 h6 31. f3 f5 32. Kg3 Kf7 33. Ra3 Kf6 34. b4 g5 35. Rb3 h5 36. b5 cxb5 37. Bxb5 hxg4 38. hxg4 fxg4 39. fxg4 Ne4+ 40. Kg2 Bxg4 41. Bd3 Bf3+ 42. Kg1 g4 43. Bxe4 Bxe4 44. Kf2 Kg5 45. Na4 Rf8+ 46. Kg1 g3 47. Rxb7 Ra8 48. Rb4 Rh8 49. Kf1 Rh1+ 50. Ke2 g2 {[%emt 0:00:34] normal} 0-1

[Event "DVM U14 2019"]
[Site "Magedburg"]
[Date "2019.12.29"]
[Round "6"]
[White "von Krosigk, Florian"]
[Black "Richter, Simon"]
[Result "1-0"]
[ECO "C54"]
[WhiteElo "1984"]
[BlackElo "1476"]
[Annotator "NA"]
[PlyCount "75"]
[EventDate "2019.12.27"]
[EventType "team-tourn"]
[EventRounds "7"]
[EventCountry "GER"]
[SourceTitle "playchess.com"]
[Source "ChessBase"]
[SourceQuality "1"]
[WhiteTeam "Hamburger SK"]
[BlackTeam "SC Untergrombach"]
[WhiteTeamCountry "GER"]
[TimeControl "40/5400+30:1800+30"]

1. e4 e5 2. Nf3 Nc6 3. Bc4 Bc5 4. c3 Nf6 5. d4 exd4 6. O-O d6 7. cxd4 Bb6 8. h3 h6 9. Nc3 O-O 10. Re1 Na5 11. Bd3 d5 12. e5 Nh7 13. Bc2 Be6 14. Bxh6 gxh6 15. Qd3 Re8 16. Qxh7+ Kf8 17. Qxh6+ Ke7 18. Qf6+ Kd7 19. Nxd5 Bxd5 20. Bf5+ Be6 21. Qxf7+ Kc8 22. Bxe6+ Kb8 23. Qd7 Qxd7 24. Bxd7 Re7 25. e6 c6 26. Nh4 Bxd4 27. Nf5 Bxf2+ 28. Kxf2 Nc4 29. Nxe7 Nd6 30. Nxc6+ bxc6 31. Bxc6 Ne4+ 32. Bxe4 a5 33. Bxa8 a4 34. e7 a3 35. bxa3 Kc7 36. e8=Q Kb6 37. Qc6+ Ka5 38. Re5# {[%emt 0:00:03] normal} 1-0

[Event "DVM U14 2019"]
[Site "Magedburg"]
[Date "2019.12.29"]
[Round "6"]
[White "Stockmann, Till"]
[Black "Sohr, Jim"]
[Result "1-0"]
[ECO "C73"]
[WhiteElo "1894"]
[BlackElo "1730"]
[Annotator "NA"]
[PlyCount "89"]
[EventDate "2019.12.27"]
[EventType "team-tourn"]
[EventRounds "7"]
[EventCountry "GER"]
[SourceTitle "playchess.com"]
[Source "ChessBase"]
[SourceQuality "1"]
[WhiteTeam "Schachzwerge Magdeburg"]
[BlackTeam "SV Königsjäger Süd-West"]
[WhiteTeamCountry "GER"]
[BlackTeamCountry "GER"]
[TimeControl "40/5400+30:1800+30"]

1. e4 e5 2. Nf3 Nc6 3. Bb5 a6 4. Ba4 d6 5. Bxc6+ bxc6 6. d4 exd4 7. Nxd4 c5 8. Nf3 Ne7 9. O-O g6 10. c4 Bg7 11. Qc2 O-O 12. Be3 Nc6 13. Nc3 Rb8 14. Rab1 f5 15. Bg5 Bf6 16. Bxf6 Qxf6 17. Qd2 Ne7 18. Rfe1 Bb7 19. e5 dxe5 20. Nxe5 Rbd8 21. Qe2 Be4 22. Nxe4 fxe4 23. Ng4 Qf4 24. Qxe4 Qxe4 25. Rxe4 Nf5 26. Kf1 Nd6 27. Re7 h5 28. Ne3 Rf7 29. Rxf7 Kxf7 30. Rd1 Ke6 31. b3 c6 32. g3 Rf8 33. Ng2 g5 34. Re1+ Kf6 35. f4 Re8 36. Rxe8 Nxe8 37. fxg5+ Kxg5 38. Nf4 Ng7 39. Kf2 Kf5 40. Ke3 Ke5 41. Nd3+ Kd6 42. Kf4 Ne6+ 43. Kf5 Nd4+ 44. Kg6 Nf3 45. h4 {[%emt 0:00:00] normal} 1-0

[Event "DVM U14 2019"]
[Site "Magedburg"]
[Date "2019.12.29"]
[Round "6"]
[White "Heutling, Elina"]
[Black "Korek, Jakob Alexander"]
[Result "1-0"]
[ECO "B18"]
[WhiteElo "1796"]
[BlackElo "1656"]
[Annotator "NA"]
[PlyCount "65"]
[EventDate "2019.12.27"]
[EventType "team-tourn"]
[EventRounds "7"]
[EventCountry "GER"]
[SourceTitle "playchess.com"]
[Source "ChessBase"]
[SourceQuality "1"]
[WhiteTeam "Schachzwerge Magdeburg"]
[BlackTeam "SV Königsjäger Süd-West"]
[WhiteTeamCountry "GER"]
[BlackTeamCountry "GER"]
[TimeControl "40/5400+30:1800+30"]

1. e4 c6 2. d4 d5 3. Nd2 dxe4 4. Nxe4 Bf5 5. Ng3 Bg6 6. Nf3 Nd7 7. Bc4 e6 8. O-O Ngf6 9. Nh4 Nb6 10. Bb3 Be7 11. c3 O-O 12. Nxg6 hxg6 13. Re1 Nbd5 14. Bc2 Qd7 15. Qd3 Rad8 16. h4 Bd6 17. Ne4 Nxe4 18. Qxe4 Rfe8 19. Bg5 Be7 20. Rad1 Bf6 21. f4 Qc7 22. Rf1 Qe7 23. Rf3 c5 24. dxc5 Qxc5+ 25. Kh1 Qe7 26. Rg3 Qc7 27. Rf1 e5 28. f5 Nf4 29. fxg6 fxg6 30. Rgf3 {[%emt 0:03:06] normal} Bxg5 31. Bb3+ Kh8 32. hxg5 {[%emt 0:00:05] normal} Ne6 {[%emt 0:02:24] normal} 33. Rh3+ 1-0

[Event "DVM U14 2019"]
[Site "Magedburg"]
[Date "2019.12.29"]
[Round "6"]
[White "Boissel, Kasimir"]
[Black "Joppich, Til"]
[Result "1/2-1/2"]
[ECO "A48"]
[WhiteElo "1638"]
[BlackElo "1916"]
[Annotator "NA"]
[PlyCount "61"]
[EventDate "2019.12.27"]
[EventType "team-tourn"]
[EventRounds "7"]
[EventCountry "GER"]
[SourceTitle "playchess.com"]
[Source "ChessBase"]
[SourceQuality "1"]
[WhiteTeam "SV Königsjäger Süd-West"]
[BlackTeam "Schachzwerge Magdeburg"]
[BlackTeamCountry "GER"]
[TimeControl "40/5400+30:1800+30"]

1. d4 Nf6 2. Nf3 g6 3. Bf4 Bg7 4. e3 O-O 5. Nbd2 d6 6. Bd3 Nfd7 7. Nc4 Nc6 8. c3 e5 9. Bg3 f5 10. Be2 e4 11. Nfd2 Re8 12. Qb3 d5 13. Na3 Nf6 14. c4 Na5 15. Qb4 c6 16. Nb3 Nxb3 17. Qxb3 Nh5 18. Bxh5 gxh5 19. cxd5 cxd5 20. Nb5 Qa5+ 21. Kf1 Bd7 22. Nc7 Rac8 23. Nxe8 Bxe8 24. h3 Qa6+ 25. Kg1 Rc4 26. Kh2 Ba4 27. Qa3 Bf8 28. b4 Bxb4 29. Qb2 Bc3 30. Qa3 Bxa1 31. Rxa1 {[%emt 0:02:08] normal} 1/2-1/2

[Event "DVM U14 2019"]
[Site "Magedburg"]
[Date "2019.12.29"]
[Round "6"]
[White "Toth, Marc"]
[Black "Garner, Isaac"]
[Result "1/2-1/2"]
[ECO "B47"]
[WhiteElo "1564"]
[BlackElo "2040"]
[Annotator "NA"]
[PlyCount "124"]
[EventDate "2019.12.27"]
[EventType "team-tourn"]
[EventRounds "7"]
[EventCountry "GER"]
[SourceTitle "playchess.com"]
[Source "ChessBase"]
[SourceQuality "1"]
[WhiteTeam "SC Untergrombach"]
[BlackTeam "Hamburger SK"]
[BlackTeamCountry "GER"]
[TimeControl "40/5400+30:1800+30"]

1. e4 c5 2. Nf3 e6 3. d4 cxd4 4. Nxd4 Nc6 5. Nc3 Qc7 6. Be2 Nf6 7. O-O Be7 8. Be3 O-O 9. f4 d6 10. Bf3 Bd7 11. Qe2 Rac8 12. Qf2 a6 13. Qg3 b5 14. a3 Kh8 15. Rad1 Na5 16. Be2 Nc4 17. Bxc4 bxc4 18. Kh1 Rb8 19. Bc1 Bc8 20. Rfe1 Bb7 21. Nf3 Nd7 22. h3 Nc5 23. e5 Rbd8 24. exd6 Bxd6 25. Be3 f6 26. Bxc5 Bxc5 27. Rxd8 Rxd8 28. Rxe6 Bd6 29. Qf2 h6 30. Nh4 Qf7 31. f5 Bc8 32. Re4 Kh7 33. Ng6 Re8 34. Rxe8 Qxe8 35. Nh4 Qe5 36. Nf3 Qxf5 37. Qd4 Qc5 38. Qe4+ Bf5 39. Qe2 Bf4 40. Nh4 Bc7 41. Nxf5 Qxf5 42. Qxc4 Be5 43. Qd3 Qxd3 44. cxd3 Kg6 45. Kg1 Kf5 46. Kf2 Bd4+ 47. Kf3 h5 48. g4+ hxg4+ 49. hxg4+ Ke5 50. Kg3 g5 51. Kf3 f5 52. gxf5 Kxf5 53. Nd1 g4+ 54. Kg3 Be5+ 55. Kg2 Kf4 56. b3 g3 57. b4 Bd4 58. a4 Kg4 59. a5 Kf4 60. b5 axb5 61. a6 b4 62. Nb2 Ke5 {normal} 1/2-1/2

[Event "DVM U14 2019"]
[Site "Magedburg"]
[Date "2019.12.29"]
[Round "6"]
[White "Kogan, Gabriel"]
[Black "Frank, Marek"]
[Result "1/2-1/2"]
[ECO "B22"]
[WhiteElo "1527"]
[BlackElo "1430"]
[Annotator "NA"]
[PlyCount "72"]
[EventDate "2019.12.27"]
[EventType "team-tourn"]
[EventRounds "7"]
[EventCountry "GER"]
[SourceTitle "playchess.com"]
[Source "ChessBase"]
[SourceQuality "1"]
[WhiteTeam "SG Porz"]
[BlackTeam "ESV Gera"]
[WhiteTeamCountry "GER"]
[BlackTeamCountry "GER"]
[TimeControl "40/5400+30:1800+30"]

1. e4 c5 2. c3 Nf6 3. e5 Nd5 4. d4 cxd4 5. Nf3 e6 6. cxd4 Be7 7. Bc4 Nb6 8. Bb3 Nc6 9. O-O O-O 10. Nc3 d6 11. Bf4 dxe5 12. dxe5 Nd7 13. Rc1 Qa5 14. Qe2 Nc5 15. Bc2 b6 16. Rfd1 Nb4 17. Bb1 Qa6 18. Qe3 Bb7 19. a3 Nd5 20. Nxd5 Bxd5 21. Nd4 Qb7 22. b4 Nd7 23. Qh3 g6 24. Rc3 Rfc8 25. Rdc1 Rxc3 26. Rxc3 Rc8 27. Rxc8+ Qxc8 28. Qd3 Bf8 29. h4 Bg7 30. Qe3 Nxe5 31. Bxe5 Bxe5 32. Qxe5 Qc1+ 33. Kh2 Qxb1 34. Qb8+ Kg7 35. Qe5+ Kg8 36. Qb8+ {[%emt 0:01:43] normal} Kg7 {[%emt 0:00:53] normal} 1/2-1/2

[Event "DVM U14 2019"]
[Site "Magedburg"]
[Date "2019.12.29"]
[Round "6"]
[White "Gerber, Anna Sophie"]
[Black "Kazimov, Alis"]
[Result "1-0"]
[ECO "E64"]
[WhiteElo "1513"]
[BlackElo "1362"]
[Annotator "NA"]
[PlyCount "63"]
[EventDate "2019.12.27"]
[EventType "team-tourn"]
[EventRounds "7"]
[EventCountry "GER"]
[SourceTitle "playchess.com"]
[Source "ChessBase"]
[SourceQuality "1"]
[WhiteTeam "ESV Gera"]
[BlackTeam "SG Porz"]
[WhiteTeamCountry "GER"]
[BlackTeamCountry "GER"]
[TimeControl "40/5400+30:1800+30"]

1. d4 Nf6 2. Nf3 g6 3. c4 Bg7 4. Nc3 d6 5. g3 O-O 6. Bg2 c5 7. e4 Bg4 8. Be3 Nbd7 9. h3 Bxf3 10. Bxf3 Qc7 11. b3 Rab8 12. Qd2 cxd4 13. Bxd4 a6 14. a4 Rfe8 15. O-O Rbc8 16. Rab1 Red8 17. Rfe1 Ne5 18. Bg2 Nc6 19. Be3 e5 20. Red1 Ne7 21. Bg5 Ne8 22. Nd5 Nxd5 23. Bxd8 Rxd8 24. cxd5 Qd7 25. Rdc1 f5 26. f3 Nf6 27. Kh2 h6 28. Qd3 Nh5 29. Rc2 Qf7 30. Rbc1 Nxg3 31. Kxg3 fxe4 32. Qxe4 {[%emt 0:00:13] normal} 1-0

[Event "DVM U14 2019"]
[Site "Magedburg"]
[Date "2019.12.29"]
[Round "6"]
[White "Kling, Simon"]
[Black "Blome, Johannes"]
[Result "1/2-1/2"]
[ECO "B20"]
[WhiteElo "1136"]
[BlackElo "1877"]
[Annotator "NA"]
[PlyCount "53"]
[EventDate "2019.12.27"]
[EventType "team-tourn"]
[EventRounds "7"]
[EventCountry "GER"]
[SourceTitle "playchess.com"]
[Source "ChessBase"]
[SourceQuality "1"]
[WhiteTeam "SC Untergrombach"]
[BlackTeam "Hamburger SK"]
[BlackTeamCountry "GER"]
[TimeControl "40/5400+30:1800+30"]

1. e4 c5 2. b4 cxb4 3. a3 e6 4. d4 d5 5. e5 Nc6 6. Nf3 Bd7 7. axb4 Bxb4+ 8. c3 Be7 9. Bd3 a6 10. Nbd2 b5 11. Bb2 Na5 12. O-O Nh6 13. Qc2 Nc4 14. Bc1 Nf5 15. Re1 g6 16. Nf1 a5 17. Ng3 h6 18. Kh1 a4 19. Ne2 Na5 20. g4 Nb3 21. Rb1 Ng7 22. Be3 g5 23. Rf1 Rc8 24. Nd2 Nxd2 25. Qxd2 Qa5 26. f4 {[%emt 0:01:48] normal} gxf4 27. Qd1 {normal} 1/2-1/2

[Event "DVM U14 2019"]
[Site "Magedburg"]
[Date "2019.12.30"]
[Round "7"]
[White "Hommer, Jeremy"]
[Black "Weihrauch, Jakob"]
[Result "1/2-1/2"]
[ECO "C54"]
[WhiteElo "2104"]
[BlackElo "2169"]
[Annotator "ChessBase"]
[PlyCount "42"]
[EventDate "2019.12.27"]
[EventType "team-tourn"]
[EventRounds "7"]
[EventCountry "GER"]
[SourceTitle "playchess.com"]
[Source "ChessBase"]
[SourceQuality "1"]
[WhiteTeam "SC Turm Lüneburg"]
[BlackTeam "Hamburger SK"]
[BlackTeamCountry "GER"]
[TimeControl "40/5400+30:1800+30"]

1. e4 e5 2. Nf3 Nc6 3. Bc4 Bc5 4. c3 Nf6 5. d3 d6 6. O-O O-O 7. Bb3 a6 8. Nbd2 Ba7 9. Re1 Ng4 10. Re2 Kh8 11. h3 f5 12. Nf1 fxe4 13. dxe4 Nf6 14. Ng3 Qe8 15. Be3 Nh5 16. Bxa7 Nxa7 17. Nxh5 Qxh5 18. Re3 Nc6 {[%emt 0:02:22] normal} 19. Ne1 {[%emt 0:05:26] normal} Qxd1 {[%emt 0:02:13] normal} 20. Bxd1 Be6 {[%emt 0:00:32] normal} 21. Bg4 Rf6 {[%emt 0:00:21] normal} 1/2-1/2